 Dungeon Crawl Stone Soup version 0.30-a0-571-gdf30a72648 (webtiles) character file.

Game seed: 6134301712256669926

228 bmack86 the Chopper (level 5, -22/47 HPs)
             Began as a Minotaur Fighter on Dec 29, 2022.
             Annihilated by Menkaure (24 damage)
             ... on level 5 of the Dungeon.
             The game lasted 00:07:53 (2661 turns).

bmack86 the Chopper (Minotaur Fighter)              Turns: 2661, Time: 00:07:54

Health: -22/47     AC:  8    Str: 28    XL:     5   Next: 71%
Magic:  13/13      EV:  8    Int: 11    God:
Gold:   259        SH:  0    Dex:  9    Spells: 4/4 levels left

rFire   . . .      SeeInvis +    a - +0 war axe
rCold   . . .      Faith    .    c - +0 buckler
rNeg    . . .      Spirit   .    e - +0 chain mail
rPois   .          Reflect  .    (helmet restricted)
rElec   .          Harm     +    (no cloak)
rCorr   .          Rampage  .    (no gloves)
Will    .....                    f - +2 pair of boots "Naih" {Harm MP+9 Str+5} Stlth
                                 (no amulet)
HPRegen 0.27/turn                j - ring of see invisible
MPRegen 0.13/turn                m - +6 ring of intelligence

@: confused, ambrosia-drunk, corroded
A: horns 2, retaliatory headbutt
a: no special abilities


You were on level 5 of the Dungeon.
You visited 1 branch of the dungeon, and saw 5 of its levels.

You collected 259 gold pieces.

Inventory:

Hand Weapons
 a - a +0 war axe (weapon)
Armour
 c - a +0 buckler (worn)
 e - a +0 chain mail (worn)
 f - the +2 pair of boots "Naih" (worn) {Harm MP+9 Str+5}
   (You found it on level 2 of the Dungeon)

   Str:       It affects your strength (+5).
   MP:        It affects your magic capacity (+9).
   Harm:      It increases damage dealt and taken.
Jewellery
 j - a ring of see invisible (left hand)
 m - a +6 ring of intelligence (right hand)
Scrolls
 k - 2 scrolls of teleportation
 n - a scroll of identify
Potions
 g - a potion of lignification {unknown}
 i - 2 potions of flight {unknown}
 l - a potion of heal wounds {unknown}
 o - 2 potions of curing {unknown}


   Skills:
 + Level 4.8 Fighting
 * Level 4.9 Axes
 + Level 4.7 Armour
 + Level 4.7 Shields


You had 4 spell levels left.
You didn't know any spells.
Your spell library contained the following spells:

 Spells                   Type           Power      Damage    Failure   Level
 Magic Dart               Conj           0%         1d3       94%         1
 Call Imp                 Summ           0%         N/A       98%         2
 Mephitic Cloud           Conj/Pois/Air  0%         N/A       100%        3


Dungeon Overview and Level Annotations

Branches:
Dungeon (5/15)
 Temple: D:4-7

Altars:
Cheibriados
Gozag
Makhleb
Trog

Shops:
D:1 (

Annotations:
D:5 Menkaure


Innate Abilities, Weirdness & Mutations

You have a pair of horns on your head.
You reflexively headbutt those who attack you in melee.


Message History

There is a stone staircase leading down here.
The ball python hisses angrily.
You climb downwards.
Found a ruby potion.
There is a stone staircase leading up here.
i - 2 ruby potions (gained 1)
You open the door.
Menkaure and a jelly come into view.
Menkaure shouts!
The jelly quivers.
You hear a shout!
Menkaure mumbles some strange words.
Menkaure seems to speed up.
You hit the jelly. The acid corrodes you!
Your hands burn!
You headbutt the jelly, but do no damage.
The jelly is moderately wounded.
The jelly closely misses you.
You slice the jelly!!
You kill the jelly!
Menkaure hits you!
You closely miss Menkaure. Menkaure barely misses you. You furiously retaliate!
You headbutt Menkaure, but do no damage.
You hit Menkaure but do no damage.
Menkaure gestures at you while chanting.
Pain shoots through your body! Menkaure hits you!
* * * LOW HITPOINT WARNING * * *
You hit Menkaure.
You headbutt Menkaure, but do no damage.
Menkaure is lightly damaged.
Menkaure completely misses you.
You are confused.
You feel invigorated. Menkaure hits you!
* * * LOW HITPOINT WARNING * * *
You closely miss Menkaure. You headbutt Menkaure.
Menkaure is lightly damaged.
Menkaure hits you.
* * * LOW HITPOINT WARNING * * *
Menkaure hits you!!
Ouch! That really hurt!
You die...

.. .. #.. ..
##..##+###.
#... .....
#... ... #..
##M#
..###..##.@##
.........<..#
............#
..##...######
#+##


You could see Menkaure (fast).

Vanquished Creatures
  An ogre (D:4)
  A jelly (D:5)
  An iguana (D:4)
  2 adders (D:3)
  A worm (D:3)
  4 dart slugs
  An orc (D:3)
  3 endoplasms
  A giant cockroach (D:2)
  7 goblins
  3 hobgoblins
  6 jackals (D:3)
  3 quokkas
  3 ball pythons
  4 bats
  6 frilled lizards
  5 kobolds (D:1)
  4 rats
56 creatures vanquished.

Notes
Turn   | Place    | Note
-------+----------+-------------------------------------------
     0 | D:1      | bmack86 the Minotaur Fighter began the quest for the Orb.
     0 | D:1      | Reached XP level 1. HP: 19/19 MP: 0/0
   140 | D:1      | Reached XP level 2. HP: 18/27 MP: 1/1
   177 | D:1      | Found Uggepurchoz's Antique Weapon Boutique.
  1029 | D:2      | Identified the +2 pair of boots "Naih" {Harm MP+9 Str+5}
  1149 | D:2      | Reached XP level 3. HP: 33/33 MP: 2/2
  1747 | D:3      | Found an opulent altar of Gozag.
  1837 | D:3      | Found a snail-covered altar of Cheibriados.
  1950 | D:3      | Reached XP level 4. HP: 40/40 MP: 3/3
  2092 | D:3      | Found a bloodstained altar of Trog.
  2332 | D:3      | Found a faded altar of an unknown god.
  2517 | D:4      | Noticed an ogre
  2523 | D:4      | Killed an ogre
  2524 | D:4      | Reached XP level 5. HP: 34/47 MP: 4/4
  2600 | D:4      | Found a burning altar of Makhleb.
  2644 | D:5      | Entered Level 5 of the Dungeon
  2654 | D:5      | Noticed Menkaure
  2660 | D:5      | HP: 1/47 [Menkaure (14)]
  2661 | D:5      | Annihilated by Menkaure

Illustrated notes

Levels and vault maps discovered:
D:1:      wander_arrival_fairy_ring, layout_basic, serial_shops,
          nicolae_shop_stone, minmay_misc_feat_x
D:2:      layout_loops_ring, kennysheep_nub
D:3:      layout_basic, mainiacjoe_overflow_six_doors_small, slow_altar_2,
          nicolae_gozag_seed_capital, shapermc_ecumenical_altar_pompeii
D:4:      nicolae_BIG_FREAKIN_CUBE, layout_rooms, lightli_temple_of_fire,
          serial_shops, nicolae_shop_window_shopping, minmay_bent, uniq_grinder
D:5:      layout_gridville, tso_metal_star, nemelex_spade_bored_becter,
          jmf_multi_god_temple, minmay_temple_entry_poolview, uniq_menkaure,
          uniq_ijyb

Skill      XL: |  1  2  3  4 |
---------------+-------------+-----
Axes           | 3 4 |  4.9
Fighting       | 4 |  4.8
Armour         | 4 |  4.7
Shields        | 4 |  4.7

Action                   |  1- 3 |  4- 6 || total
-------------------------+-------+-------++-------
Melee: War axe           |    89 |    24 ||   113
       Headbutt          |     8 |     6 ||    14
  Use: Scroll            |     6 |     2 ||     8
       Potion            |       |     2 ||     2
Armor: Chain mail        |    69 |    10 ||    79
       Scale mail        |     4 |       ||     4
Dodge: Dodged            |    34 |    10 ||    44
Block: Buckler           |    22 |     8 ||    30

Table legend: (Time is in decaauts)
 A = Elapsed time spent in this place.
 B = Non-inter-level travel time spent in this place.
 C = Inter-level travel time spent in this place.
 D = Time resting spent in this place.
 E = Time spent auto-exploring this place.
 F = Levels seen in this place.
 G = Mean time per level.
                   A        B        C        D        E       F      G
               +--------+--------+--------+--------+--------+-----+--------+
         Total |   2701 |   2647 |     54 |     26 |   1838 |   5 |  540.2 |
       Dungeon |   2701 |   2647 |     54 |     26 |   1838 |   5 |  540.2 |
               +--------+--------+--------+--------+--------+-----+--------+

Top non-repeatable levels by time:
     D:1: 1041 daAuts
     D:3: 761 daAuts
     D:2: 728 daAuts
     D:4: 151 daAuts
     D:5: 18 daAuts
